 Dungeon Crawl Stone Soup version 0.25-b1-37-g2669288c55 (webtiles) character file.

Game seed: 17178942570263643722

700 funkygono the Shield-Bearer (level 7, -5/44 HPs)
             Began as a Gargoyle Fighter on June 5, 2020.
             Slain by an ogre
             ... wielding a +0 giant club
              (14 damage)
             ... on level 5 of the Dungeon.
             The game lasted 00:10:18 (4641 turns).

funkygono the Shield-Bearer (Gargoyle Fighter)      Turns: 4641, Time: 00:10:18

Health: -5/44      AC: 15    Str: 21    XL:     7   Next: 65%
Magic:  7/7        EV:  8    Int:  9    God:
Gold:   243        SH: 10    Dex:  9    Spells: 6/6 levels left

rFire    . . .     SeeInvis .   a - +1 flail
rCold    . . .     Gourm    .   c - +0 kite shield
rNeg     + . .     Faith    .   b - +0 scale mail
rPois    ∞         Spirit   .   t - +2 helmet
rElec    +         Reflect  .   (no cloak)
rCorr    .         Harm     .   (no gloves)
MR       .....                  (no boots)
Stlth    ..........             (no amulet)
HPRegen  0.14/turn              (no ring)
MPRegen  0.10/turn              (no ring)

@: no status effects
A: negative energy resistance 1, electricity resistance, unbreathing,
petrification resistance, rot immunity, AC +4
a: no special abilities


You were on level 5 of the Dungeon.
You were not hungry.

You visited 2 branches of the dungeon, and saw 6 of its levels.

You collected 243 gold pieces.

Inventory:

Hand Weapons
 a - a +1 flail (weapon)
 q - a +0 longbow
Missiles
 h - 18 arrows
 i - 34 bolts
 k - 102 stones (quivered)
Armour
 b - a +0 scale mail (worn)
 c - a +0 kite shield (worn)
 t - a +2 helmet (worn)
Wands
 x - a wand of digging (1)
Scrolls
 e - 2 scrolls of teleportation
 g - a scroll of fog
 n - a scroll of remove curse
Potions
 d - a potion of might
 j - a potion of invisibility
 l - a potion of lignification
 m - 3 potions of berserk rage
 p - 2 potions of curing
 s - a potion of cancellation {unknown}
 v - a potion of haste {unknown}
 z - a potion of brilliance {unknown}
Comestibles
 f - 9 rations


   Skills:
 + Level 4.3 Fighting
 + Level 5.0 Maces & Flails
 + Level 5.0 Armour
 + Level 2.0 Dodging
 + Level 0.4 Stealth
 + Level 5.4 Shields
 + Level 0.1 Evocations


You had 6 spell levels left.
You didn't know any spells.
Your spell library was empty.

Dungeon Overview and Level Annotations

Branches:
Dungeon (5/15)             Temple (1/1) D:5

Altars:
Ashenzari
Cheibriados
Elyvilon
Gozag
Hepliaklqana
Kikubaaqudgha
Makhleb
Nemelex Xobeh
Ru
Trog
Uskayaw
Wu Jian
Xom
Yredelemnul
Zin


Innate Abilities, Weirdness & Mutations

You are resistant to torment.
Your stone body is resilient. (AC +4)
You are immune to poison.
You resist negative energy. (rN+)
You are resistant to electric shocks. (rElec)
You can survive without breathing.
You are immune to petrification.
You are immune to rotting.


Message History

You see here a cursed +0 ring mail.
There is a stone staircase leading up here.
Evoke which item? (* to show all) (? for menu, Esc to quit)
Okay, then.
You barely miss the ogre. The ogre hits you with a +0 giant club.
You barely miss the ogre. The ogre hits you with a +0 giant club!
You hit the ogre.
The ogre is lightly wounded.
You block the ogre's attack.
Your shield and scale mail prevent you from hitting the ogre.
The ogre is lightly wounded.
The ogre hits you with a +0 giant club!
You sock the ogre!
The ogre is heavily wounded.
The ogre hits you with a +0 giant club!
* * * LOW HITPOINT WARNING * * *
You feel better.
An orc comes into view. It is wielding a +0 falchion.
The ogre hits you with a +0 giant club!
You die...

#......>......#
##...o......###
#..##...##.#
#..##...##.#
##...[.....#
####<.....#
#oo##### #O##
#@#
##.##########.#
#.............#
##.############
###


You could see an ogre and 3 orcs.

Vanquished Creatures
  An ogre (D:4)
  A scorpion (D:4)
  2 crimson imps (D:5)
  A hound (D:4)
  3 orc priests (D:4)
  2 orc wizards (D:4)
  2 worker ants (D:4)
  Robin (D:3)
  A worker ant zombie (D:3)
  4 gnolls (D:4)
  8 adders
  An ooze (D:3)
  7 worms
  2 dart slugs (D:4)
  2 leopard geckos
  12 orcs
  7 giant cockroaches
  17 goblins
  15 hobgoblins
  7 jackals
  3 kobolds
  2 quokkas
  A ball python (D:3)
  5 bats (D:2)
  3 frilled lizards
  A quokka skeleton (D:4)
  4 rats
115 creatures vanquished.

Notes
Turn   | Place    | Note
-------+----------+-------------------------------------------
     0 | D:1      | funkygono the Gargoyle Fighter began the quest for the Orb.
     0 | D:1      | Reached XP level 1. HP: 14/14 MP: 1/1
   202 | D:1      | Reached XP level 2. HP: 19/19 MP: 2/2
   546 | D:2      | Reached XP level 3. HP: 19/23 MP: 3/3
  1163 | D:2      | Reached XP level 4. HP: 29/29 MP: 4/4
  1416 | D:2      | Found an opulent altar of Gozag.
  1902 | D:3      | Reached skill level 1 in Dodging
  2084 | D:3      | Reached XP level 5. HP: 31/33 MP: 5/5
  2881 | D:3      | Noticed Robin
  2927 | D:3      | Killed Robin
  3369 | D:4      | Reached XP level 6. HP: 36/38 MP: 6/6
  3903 | D:4      | Reached skill level 5 in Shields
  3903 | D:4      | Reached XP level 7. HP: 43/43 MP: 7/7
  3932 | D:4      | Found a shattered altar of Ashenzari.
  4073 | D:4      | Reached skill level 5 in Maces & Flails
  4369 | D:5      | Entered Level 5 of the Dungeon
  4369 | D:5      | Found a staircase to the Ecumenical Temple.
  4398 | D:5      | Reached skill level 5 in Armour
  4426 | Temple   | Entered the Ecumenical Temple
  4640 | D:5      | HP: 2/44 [ogre/+0 giant club (12)]
  4641 | D:5      | Slain by an ogre

Illustrated notes

Levels and vault maps discovered:
D:1:      dpeg_arrival_more_subterranean_lakeside_camping, layout_rooms
D:2:      layout_loops_ring, nicolae_gozag_seed_capital, first_ration
D:3:      kennysheep_goblin_castle, layout_basic
D:4:      cheibrodos_pilgrimage, layout_basic, lemuel_round_altar,
          glass_columns_a
D:5:      layout_loops_ring, overflow_temple_1_default, lemuel_round_altar,
          kennysheep_mini_moat, minmay_temple_entry_stoned_glass, serial_shops,
          shop_coins, shop
Temple:   nicolae_temple_figure_eight

Skill      XL: |  1  2  3  4  5  6  7 |
---------------+----------------------+-----
Armour         | 4 5 |  5.0
Shields        | 4 5 |  5.4
Dodging        | 1 2 |  2.0
Maces & Flails | 3 4 5 |  5.0
Fighting       | 4 |  4.3
Stealth        | |  0.4
Evocations     | |  0.1

Action                   |  1- 3 |  4- 6 |  7- 9 || total
-------------------------+-------+-------+-------++-------
Melee: Flail             |   150 |   282 |    52 ||   484
Evoke: Wand              |       |     3 |       ||     3
  Use: Scroll            |     2 |     6 |     5 ||    13
       Potion            |       |       |     1 ||     1
  Eat: Chunk             |     1 |     9 |     3 ||    13
Armor: Scale mail        |   114 |   144 |    30 ||   288
Dodge: Dodged            |    76 |    93 |    19 ||   188
Block: Kite shield       |   110 |   149 |    25 ||   284
